 Dungeon Crawl Stone Soup version 0.29-a0-451-gfbfa42419e (console) character file.

Game seed: 7494388868389740531

23 Faeu the Sneak (level 2, -5/19 HPs)
             Began as a Vampire Enchanter on May 19, 2022.
             Killed by nerve-wracking pain
             ... invoked by Jessica
              (12 damage)
             ... on level 2 of the Dungeon.
             The game lasted 00:01:28 (532 turns).

Faeu the Sneak (Vampire Enchanter)                   Turns: 532, Time: 00:01:29

Health: -5/19      AC:  2    Str:  7    XL:     2   Next: 72%
Magic:  5/5        EV: 12    Int: 17    God:
Gold:   63         SH:  0    Dex: 14    Spells: 5/5 levels left

rFire   . . .      SeeInvis +   a - +1 dagger
rCold   . . .      Faith    .   (no shield)
rNeg    . . .      Spirit   .   b - +0 robe
rPois   .          Reflect  .   (no helmet)
rElec   .          Harm     .   (no cloak)
rCorr   .          Rampage  .   (no gloves)
Will    .....                   (no boots)
Stlth   +++.......              (no amulet)
HPRegen 0.26/turn               (no ring)
MPRegen 0.09/turn               (no ring)

@: healing quickly
A: alive, fangs 3, see invisible, vampiric 1
a: Exsanguinate


You were on level 2 of the Dungeon.
You visited 1 branch of the dungeon, and saw 2 of its levels.

You collected 63 gold pieces.

Inventory:

Hand Weapons
 a - a +1 dagger (weapon)
Armour
 b - a +0 robe (worn)
Scrolls
 d - 3 scrolls of identify {unknown}
 f - a scroll of fear {unknown}
 g - a scroll of teleportation {unknown}
Potions
 c - 2 potions of invisibility
 e - a potion of cancellation {unknown}


   Skills:
 + Level 1.6 Short Blades
 + Level 2.5 Dodging
 + Level 4.8 Stealth
 + Level 2.2 Spellcasting
 + Level 4.7 Hexes


You had 5 spell levels left.
You didn't know any spells.
Your spell library contained the following spells:

 Spells                   Type           Power      Damage    Failure   Level
 Confusing Touch          Hex            18%        N/A       9%          3
 Tukima's Dance           Hex            18%        N/A       9%          3
 Ensorcelled Hibernation  Hex/Ice        20%        N/A       11%         2
 Dazzling Flash           Conj/Hex       20%        N/A       22%         3


Dungeon Overview and Level Annotations

Branches:
Dungeon (2/15)

Altars:

Annotations:
D:2 Jessica


Innate Abilities, Weirdness & Mutations

Your natural rate of healing is accelerated.
You have razor-sharp teeth.
You have supernaturally acute eyesight. (SInv)
You are afflicted with vampirism.


Message History

Okay, then.
Okay, then.
An endoplasm is nearby!
Found a ring mail and 9 gold pieces.
Found a stone staircase leading down.
An endoplasm is nearby!
The helpless endoplasm fails to defend itself.
You impale the endoplasm!!
You kill the endoplasm!
A rat comes into view.
A rat is nearby!
A rat is nearby!
Found a viscous brown potion.
The rat closely misses you.
You see here 5 gold pieces.
A rat is nearby!
You barely miss the rat. The rat barely misses you.
A rat is nearby!
You hit the rat.
You kill the rat!
You now have 63 gold pieces (gained 5).
Jessica the Apprentice Sorceress comes into view.
She is wielding a +0 club.
Jessica shouts!
A giant cockroach comes into view.
You see here 9 gold pieces.
A bat comes into view.
There are monsters nearby!
Jessica mumbles some strange words.
Jessica blinks!
There are monsters nearby!
Nothing quivered!
You closely miss Jessica. Jessica hits you with a +0 club.
You barely miss Jessica. Jessica closely misses you.
You hit Jessica.
Jessica is lightly wounded.
Jessica hits you with a +0 club!
You hit Jessica.
Jessica is heavily wounded.
Jessica gestures at you while chanting. Pain shoots through your body!
Ouch! That really hurt!
You die...

.............#.
...............
...............
...............
#................ .
#................
#.#...b........... #
#....@@......... ##
##............##...
#....$...........
#.8.#...........#
##.#.....%......# .
#.#.............## ...
7.###....[<.......##.....
.# #!............<...#
#.#............#..##
.}.#.....$......[....
.#...........###..>...


You could see Jessica and a bat.

Vanquished Creatures
  4 endoplasms
  A goblin (D:1)
  4 hobgoblins (D:1)
  3 ball pythons (D:1)
  2 frilled lizards (D:1)
  3 kobolds (D:1)
  6 rats
23 creatures vanquished.

Notes
Turn   | Place    | Note
-------+----------+-------------------------------------------
     0 | D:1      | Faeu the Vampire Enchanter began the quest for the Orb.
     0 | D:1      | Reached XP level 1. HP: 13/13 MP: 3/3
   123 | D:1      | Reached XP level 2. HP: 14/19 MP: 5/5
   238 | D:1      | Found a faded altar of an unknown god.
   525 | D:2      | Noticed Jessica
   532 | D:2      | Killed from afar by Jessica

Illustrated notes

Levels and vault maps discovered:
D:1:      dpeg_arrival_more_subterranean_lakeside_camping, layout_rooms,
          hellmonk_ecumenical_altar_lost_god
D:2:      layout_rooms, serial_curves, eino_curves_01, eino_curves_01,
          serial_shops, nicolae_square_shop, grunt_decor_mini_mirrors,
          minmay_misc_feat_square, uniq_robin, uniq_jessica

Action                   || total
-------------------------++-------
Melee: Dagger            ||    70
       Bite              ||    10
       Punch             ||     1
 Stab: Sleeping          ||     6
Armor: Robe              ||     5
Dodge: Dodged            ||    37

Table legend: (Time is in decaauts)
 A = Elapsed time spent in this place.
 B = Non-inter-level travel time spent in this place.
 C = Inter-level travel time spent in this place.
 D = Time resting spent in this place.
 E = Time spent auto-exploring this place.
 F = Levels seen in this place.
 G = Mean time per level.
                   A        B        C        D        E       F      G
               +--------+--------+--------+--------+--------+-----+--------+
         Total |    526 |    509 |     17 |     63 |    294 |   2 |  263.0 |
       Dungeon |    526 |    509 |     17 |     63 |    294 |   2 |  263.0 |
               +--------+--------+--------+--------+--------+-----+--------+

Top non-repeatable levels by time:
     D:1: 508 daAuts
     D:2: 18 daAuts
